Workbook
Name B_F: PEW!$H$8
Name B_NN: PEW!$H$10
Name B_R: PEW!$H$9
Name LS_F: PEW!$H$13
Name LS_NN: PEW!$H$15
Name LS_R: PEW!$H$14
Name S_F: PEW!$H$18
Name S_NN: PEW!$H$20
Name S_R: PEW!$H$19

Sheet PEW
A1: Projected Earnings Worksheet - FY 2017-18
A2: Auth #: | C2: Organization Name:
A4: Requires User Input | C4: Automatically Calculates
A5: Please Answer these Questions | G5: Rates
A6: Enrollment | G6: July 1, 2017 - June 30, 2018
B7: Number of children eligible for free meals | G7: Breakfast:
B8: Number of children eligible for reduced meals | G8: Free | H8: 1.75
B9: Number of children eligible for non-needy meals | G9: Reduced | H9: 1.45
A10: =SUM(A7:A9) -> 0 | B10: Total number of enrolled children (a+b+c) | G10: Non-Needy | H10: 0.3
A12: Average Attendance per Day | G12: Lunch/Supper:
B13: (Cannot exceed total number of enrolled children) | G13: Free | H13: 3.23
G14: Reduced | H14: 2.83
A15: Days Operating | G15: Non-Needy | H15: 0.31
B16: Total number days operating (per month)
B17: Total number months operating per year | G17: Snacks:
G18: Free | H18: 0.88
A19: Put a "Y" in each category that applies: | G19: Reduced | H19: 0.44
B20: Claiming Breakfast ? | G20: Non-Needy | H20: 0.08
B21: Claiming Morning Snack?
B22: Claiming Lunch? | G22: Cash-in-Lieu: | H22: 0.2325
B23: Claiming Afternoon Snack?
B24: Claiming Supper?
B25: Claiming Evening Snack?
G26: Validation - Maximum Total Number of Meals Per Type
A27: Total Number of Meals Served in One Month to Eligible Children | G27: Total Number of Meals Served in One Month to Eligible Children
A28: (Number of Operating Days x Average Attendance per Day) | G28: (Number of Operating Days x Average Attendance per Day)
A29: =IF(A20<>"Y","0",$A$16*$A$13) -> 0 | B29: Breakfast | G29: =IF(A20<>"Y","0",$A$16*$A$13) -> 0 | H29: Breakfast
A30: =IF(A21<>"Y","0",$A$16*$A$13) -> 0 | B30: AM Snack | C30: Note: You may reduce these numbers to | G30: =IF(A21<>"Y","0",$A$16*$A$13) -> 0 | H30: AM Snack
A31: =IF(A22<>"Y","0",$A$16*$A$13) -> 0 | B31: Lunch | C31: reflect the meals served by meal type. | G31: =IF(A22<>"Y","0",$A$16*$A$13) -> 0 | H31: Lunch
A32: =IF(A23<>"Y","0",$A$16*$A$13) -> 0 | B32: PM Snack | G32: =IF(A23<>"Y","0",$A$16*$A$13) -> 0 | H32: PM Snack
A33: =IF(A24<>"Y","0",$A$16*$A$13) -> 0 | B33: Supper | G33: =IF(A24<>"Y","0",$A$16*$A$13) -> 0 | H33: Supper
A34: =IF(A25<>"Y","0",$A$16*$A$13) -> 0 | B34: Evening Snack | G34: =IF(A25<>"Y","0",$A$16*$A$13) -> 0 | H34: Evening Snack
A35: Validation Cells G27/35 - J27/35
A38: Now the Worksheet will do the Calculations (password protected - read only)
A39: 1) Calculation to Determine Percentage
A41: Divide the number of eligible children in each category by the total number of children enrolled.
A44: a. Number free | B44: =$A$7 -> 0 | C44: / total enrolled | D44: =$A$10 -> 0 | E44: = | F44: =B44/D44 -> #DIV/0!
A45: b. Number reduced price | B45: =$A$8 -> 0 | C45: / total enrolled | D45: =$A$10 -> 0 | E45: = | F45: =B45/D45 -> #DIV/0!
A46: c. Number nonneedy | B46: =$A$9 -> 0 | C46: / total enrolled | D46: =$A$10 -> 0 | E46: = | F46: =B46/D46 -> #DIV/0!
C47: Total Percentage: | F47: =SUM(F44:F46) -> #DIV/0!
A50: 2) Calculation to Determine Free/Reduced Distribution for each Meal Type
A52: Multiply the category percentages calculated in step 1 by the number of meals served for each meal type.
A53: Multiply that answer (the free/reduced distribution) by the current reimbursement rates.
A54: Type Meal Category Percentage (Number 2) above multiplied by assigned meal reimbursement rate (password protected)
A55: Breakfast | C55: Category % | E55: # Meals Served | G55: # of Meals by Category | I55: Rate | J55: Reimbursement Amount
A56: a. Free % | C56: =$F$44 -> #DIV/0! | D56: X | E56: =$A$29 -> 0 | F56: = | G56: =C56*E56 -> #DIV/0! | H56: X | I56: =B_F -> 1.75 | J56: =G56*I56 -> #DIV/0!
A57: b. Reduced Price % | C57: =$F$45 -> #DIV/0! | D57: X | E57: =$A$29 -> 0 | F57: = | G57: =C57*E57 -> #DIV/0! | H57: X | I57: =B_R -> 1.45 | J57: =G57*I57 -> #DIV/0!
A58: c. Nonneedy % | C58: =$F$46 -> #DIV/0! | D58: X | E58: =$A$29 -> 0 | F58: = | G58: =C58*E58 -> #DIV/0! | H58: X | I58: =B_NN -> 0.3 | J58: =G58*I58 -> #DIV/0!
A59: Total Number of Breakfast Claimed | G59: =SUM(G56:G58) -> #DIV/0! | J59: =SUM(J56:J58) -> #DIV/0!
A61: Lunch/Supper | G61: # of Meals | I61: Rate | J61: Reimbursement Amount
A62: a. Free % | C62: =$F$44 -> #DIV/0! | D62: X | E62: =($A$31+$A$33) -> 0 | F62: = | G62: =C62*E62 -> #DIV/0! | H62: X | I62: =LS_F -> 3.23 | J62: =G62*I62 -> #DIV/0!
A63: b. Reduced Price % | C63: =$F$45 -> #DIV/0! | D63: X | E63: =($A$31+$A$33) -> 0 | F63: = | G63: =C63*E63 -> #DIV/0! | H63: X | I63: =LS_R -> 2.83 | J63: =G63*I63 -> #DIV/0!
A64: c. Nonneedy % | C64: =$F$46 -> #DIV/0! | D64: X | E64: =($A$31+$A$33) -> 0 | F64: = | G64: =C64*E64 -> #DIV/0! | H64: X | I64: =LS_NN -> 0.31 | J64: =G64*I64 -> #DIV/0!
A65: Total Number of Lunches and Suppers Claimed | G65: =SUM(G62:G64) -> #DIV/0! | J65: =SUM(J62:J64) -> #DIV/0!
A67: Snacks | G67: # of Meals | I67: Rate | J67: Reimbursement Amount
A68: a. Free % | C68: =$F$44 -> #DIV/0! | D68: X | E68: =$A$30+$A$32+$A$34 -> 0 | F68: = | G68: =C68*E68 -> #DIV/0! | H68: X | I68: =S_F -> 0.88 | J68: =G68*I68 -> #DIV/0!
A69: b. Reduced Price % | C69: =$F$45 -> #DIV/0! | D69: X | E69: =$A$30+$A$32+$A$34 -> 0 | F69: = | G69: =C69*E69 -> #DIV/0! | H69: X | I69: =S_R -> 0.44 | J69: =G69*I69 -> #DIV/0!
A70: c. Nonneedy % | C70: =$F$46 -> #DIV/0! | D70: X | E70: =$A$30+$A$32+$A$34 -> 0 | F70: = | G70: =C70*E70 -> #DIV/0! | H70: X | I70: =S_NN -> 0.08 | J70: =G70*I70 -> #DIV/0!
A71: Total Number of Snacks Claimed | G71: =SUM(G68:G70) -> #DIV/0! | J71: =SUM(J68:J70) -> #DIV/0!
A74: Commodities Reimbursement*
A75: a. Lunch | B75: =A31 -> 0 | C75: X | D75: =($H$22) -> 0.2325 | E75: = | F75: =D75*B75 -> 0
A76: b. Supper | B76: =A33 -> 0 | C76: X | D76: =($H$22) -> 0.2325 | E76: = | F76: =D76*B76 -> 0
F77: =SUM(F75:F76) -> 0
B80: Projected Meal Earnings for One Month | F80: =J59+J65+J71 -> #DIV/0!
A82: Total Projected Meal Earnings for One Year | F82: =F80*A17 -> #DIV/0!
A85: Projected Commodity Reimbursement for One Month | F85: =SUM(F75:F76) -> 0
A87: Projected Commodity Reimbursement for One Year | F87: =F85*A17 -> 0
A90: Total Projected Earnings for One Year | E90: = | F90: =F82+F87 -> #DIV/0!
A92: Projected Earnings Rounded for use in the Budget | E92: = | F92: =ROUND((F90),0) -> #DIV/0! | H92: Sponsor Administrative Cap | K92: =F82*0.15 -> #DIV/0!
G93: Note: Sponsor Administrative Cap = Total Projected Meal Earnings for One Year x 15%
G94: and does not apply to independent contractors
A95: *PLEASE NOTE: The cash-in-lieu-of commodity payments received by an institution shall be used only to purchase food products that are produced in the United States for use in the program. Institutions must maintain sufficient records to document the proper use of these payments.

Sheet Management Plan
B2: Florida Department of Health Child Care Food Program MANAGEMENT PLAN (For Sponsors of Affiliated Child Care Centers, Afterschool Meals Programs, and Homeless Children Nutrition Programs)
B3: Authorization Number: | E3: =PEW!B2 -> 0 | I3: Sponsoring Organization Name: | N3: =PEW!E2 -> 0
B4: *** The green areas require your input. The yellow areas will auto-populate based on the information you provide in the green areas.
B5: 1. Required Administrative Duties
B6: Instructions: List all employees who perform each of the following required administrative duties. Each duty must be completed by at least one staff member. List all employees necessary for the job duties completed by multiple employees. Ensure that the Program Manager is listed for the duties he/she performs.
B7: Job Duty | E7: Employee Name | L7: Job Duty | O7: Employee Name
B8: Administrative Oversight | L8: Training
B9: Bookkeeping | L9: Financial Management
B10: Checking and Approving Menus | L10: Monitoring
B11: Compiling Claim Data | L11: Technical Assistance
B12: Checking and Filing Claims | L12: Classifying Free and Reduced Meal Apps (S Only)
B13: Determining Site Eligibility (A Only) | L13: Maintaining Enrollment Roster (S Only)
B15: 2. Allowable Administrative Salaries/Benefits and Cost Allocation
B16: Instructions: Complete columns A-E for each employee listed above. All employees listed in #1 must be listed in this table. Please note that the number of hours listed in column E can be reduced to reflect the actual number of annual hours worked by each employee, however this number may not exceed 2,080 which is the maximum number of annual hours for a full time position.
B17: Complete columns F-G only if charging salaries for the employees listed. Column H will calculate the allowable amounts of salaries and benefits that can be charged to CCFP funds based on each employee's percentage of time worked on the CCFP. The total administrative costs charged to the CCFP cannot exceed 15% of projected or actual meal reimbursements.
B18: Columns I and J document the allocation of the total allowable costs for annual salary and benefits. Complete column I by inputting the portion of the total allowable salary and benefit amount for each employee that will be paid with CCFP funds. The amount in column I cannot be more than the amount listed in column H. The total amount listed in column I cannot exceed the 15% sponsor administrative cap listed on the PEW, and must match the amount listed on the budget for administrative salaries and benefits in the CCFP Funds column. The difference between the total allowable salary and benefits (H) and the amount to be charged (I) is calculated in column J. The total calculated at the bottom of column J must match the amount listed on the budget for administrative salaries and benefits in the Other Funds column.
B19: (A) | F19: (B) | I19: (C) | K19: (D) | L19: (E) | N19: (F) | P19: (G) | R19: (H) | T19: (I) | V19: (J)
B20: Employee Name | F20: Position Title | I20: Hours per Month Spent on CCFP | K20: # of CCFP Operating Months per Year | L20: Total Annual Hours Worked for Employer | N20: Total Annual Salary | P20: Annual Insurance & Other Benefit Costs Paid by Employer | R20: Total Annual Salary & Benefits Allowable to Charge to CCFP | T20: Projected Amount to be Charged to the CCFP | V20: Amount to be Charged to Other Funds (Column H minus Column I)
I21: 0 | K21: 0 | L21: 2080 | N21: 0 | P21: 0 | R21: =ROUND((SUM((I21*K21)/L21)*(N21+P21)),0) -> 0 | T21: 0 | V21: =SUM(R21-T21) -> 0
I22: 0 | K22: 0 | L22: 2080 | N22: 0 | P22: 0 | R22: =ROUND((SUM((I22*K22)/L22)*(N22+P22)),0) -> 0 | T22: 0 | V22: =SUM(R22-T22) -> 0
I23: 0 | K23: 0 | L23: 2080 | N23: 0 | P23: 0 | R23: =ROUND((SUM((I23*K23)/L23)*(N23+P23)),0) -> 0 | T23: 0 | V23: =SUM(R23-T23) -> 0
I24: 0 | K24: 0 | L24: 2080 | N24: 0 | P24: 0 | R24: =ROUND((SUM((I24*K24)/L24)*(N24+P24)),0) -> 0 | T24: 0 | V24: =SUM(R24-T24) -> 0
I25: 0 | K25: 0 | L25: 2080 | N25: 0 | P25: 0 | R25: =ROUND((SUM((I25*K25)/L25)*(N25+P25)),0) -> 0 | T25: 0 | V25: =SUM(R25-T25) -> 0
I26: 0 | K26: 0 | L26: 2080 | N26: 0 | P26: 0 | R26: =ROUND((SUM((I26*K26)/L26)*(N26+P26)),0) -> 0 | T26: 0 | V26: =SUM(R26-T26) -> 0
I27: 0 | K27: 0 | L27: 2080 | N27: 0 | P27: 0 | R27: =ROUND((SUM((I27*K27)/L27)*(N27+P27)),0) -> 0 | T27: 0 | V27: =SUM(R27-T27) -> 0
I28: 0 | K28: 0 | L28: 2080 | N28: 0 | P28: 0 | R28: =ROUND((SUM((I28*K28)/L28)*(N28+P28)),0) -> 0 | T28: 0 | V28: =SUM(R28-T28) -> 0
I29: 0 | K29: 0 | L29: 2080 | N29: 0 | P29: 0 | R29: =ROUND((SUM((I29*K29)/L29)*(N29+P29)),0) -> 0 | T29: 0 | V29: =SUM(R29-T29) -> 0
I30: 0 | K30: 0 | L30: 2080 | N30: 0 | P30: 0 | R30: =ROUND((SUM((I30*K30)/L30)*(N30+P30)),0) -> 0 | T30: 0 | V30: =SUM(R30-T30) -> 0
I31: 0 | K31: 0 | L31: 2080 | N31: 0 | P31: 0 | R31: =ROUND((SUM((I31*K31)/L31)*(N31+P31)),0) -> 0 | T31: 0 | V31: =SUM(R31-T31) -> 0
I32: 0 | K32: 0 | L32: 2080 | N32: 0 | P32: 0 | R32: =ROUND((SUM((I32*K32)/L32)*(N32+P32)),0) -> 0 | T32: 0 | V32: =SUM(R32-T32) -> 0
... I35: 0 | K35: 0 | L35: 2080 | N35: 0 | P35: 0 | R35: =ROUND((SUM((I35*K35)/L35)*(N35+P35)),0) -> 0 | T35: 0 | V35: =SUM(R35-T35) -> 0
B36: Note: Transfer the columns I and J totals to the applicable columns on the Administrative Salaries & Benefits row of the Budget. -> | R36: TOTAL | T36: CCFP Funds | V36: Other Funds
R37: =SUM(R21:S35) -> 0 | T37: =SUM(T21:U35) -> 0 | V37: =SUM(V21:W35) -> 0
B40: Authorization Number: | E40: =E3 -> 0 | I40: Sponsoring Organization Name: | N40: =N3 -> 0
B41: Instructions: Mark "Yes" or "No" for questions 3, 6 and 7 below by placing an X in the cell. Complete the remaining questions as specified.
S42: Funds | T42: =T37 -> 0 | U42: Non | V42: =V37 -> 0
B43: 3. The sponsor conducts MONITORING REVIEWS at least as often as required by 7 CFR, Part 226.16(d)(4)(iii). | O43: YES | Q43: NO
B44: A yes answer indicates that the sponsoring organization, at a minimum, conducts unannounced CCFP monitoring reviews as follows: • Each new site is reviewed within the first four weeks of CCFP operations. • Each existing site is reviewed three times yearly with not more than a six-month lapse between reviews. If using review averaging, contractor meets review averaging requirements. • Follow-up reviews are conducted within 30 days of issuing a disallowance and/or identifying areas of noncompliance.
B46: 4. How many sites do you currently sponsor?
B48: 5. MONITORING STAFF - Complete this section only if your organization sponsors 25 or more sites or if you anticipate sponsoring 25 or more sites during this fiscal year. In column A below, list all employees who perform monitoring activities, and describe the specific activities each employee performs in column B. Monitoring activities include, but are not limited to, conducting on-site reviews, planning the review schedule, travel for reviews, supervisory oversight of monitors, writing review reports, follow-up reviews, pre-approval visits, household contacts, technical assistance, and desk reviews of claim documentation. For each employee listed, indicate the number of hours per month spent on monitoring in column C, and the total monthly hours spent on the CCFP in column D (refer back to table 2, column C). The percentage of each employee's monitoring time will auto-calculate in column E, and the total number of FTEs performing monitoring activities will be calculated in the bottom row. Please Note: Monitoring ratios for sponsors must equal at least one FTE (2080 hours/year or 173.33 hours/month) for 25 to 150 sites.
B49: A. | F49: B. | M49: C. | P49: D. | T49: E.
B50: Employee Name | F50: Description of Monitoring Activities | M50: # of Hours per Month Spent on Monitoring* | P50: Total Hours per Month Spent on CCFP (should be the same number of hours listed in table 2, column C) | T50: % of Monthly CCFP Hours Spent Monitoring
T51: =SUM(M51/P51) -> #DIV/0!
T52: =SUM(M52/P52) -> #DIV/0!
T53: =SUM(M53/P53) -> #DIV/0!
T54: =SUM(M54/P54) -> #DIV/0!
T55: =SUM(M55/P55) -> #DIV/0!
J56: TOTAL = | M56: =SUM(M51:O55) -> 0 | P56: Number of FTEs = | T56: =M56/173.33 -> 0
B58: * Sponsors with twenty-five (25) or more sites are required to employ at least one full time equivalent (FTE) monitor per 25-150 sites. However, to ensure adequate monitoring, there should be approximately one FTE monitor for not more than 85 sites. An FTE equals one staff year (2080 hours) or a staff month (173.33 hours) and could be one full time staff person who monitors full time; two half time staff who spend all of their time monitoring; two full time staff who spend half of their time monitoring; three full time staff, one of whom monitors 40% of the time, with the other two each spending 30% of their time monitoring, etc.
B61: 6. The sponsor completes training on all required topics at least once a year.
K62: YES | M62: NO
B64: Required Training Topics • Menu Planning & Meal Pattern Requirements • Meal Count Procedures • Claim Review & Submission Procedures • Reimbursement System • Civil Rights Requirements | I64: Recommended Training Topics • Food Safety & Sanitation • Nutrition Education
B65: *** Note: A sign-in sheet and agenda must be maintained for each training session.
B67: 7. The sponsor REVIEWS ALL CCFP RECORDS for accuracy and compliance. | K67: YES | M67: NO
B69: 8. List the Florida address(s) where CCFP records will be maintained:
B73: I certify that all information on the Management Plan is true and correct.
B79: Signature of Authorized Employee | Q79: Date
B84: Printed Name | Q84: Title

Sheet Budget
A1: Florida Department of Health
A2: Child Care Food Program Budget
A3: (for use by Sponsors of Affiliated Child Care Centers, Afterschool Meals Programs, and Homeless Children Nutrition Programs)
A4: Refer to the instructions and definitions on page 2 before completing this form.
A5: Authorization #: | B5: =PEW!B2 -> 0 | C5: Organization Name: | E5: =PEW!E2 -> 0
A7: Name of Budget Preparer(s):
A9: 1. Complete the table below to document your projected food program costs. Use whole dollars only, no cents.
A11: FOOD SERVICE (OPERATIONAL) COSTS | C11: CCFP FUNDS (List amounts) | E11: NON-CCFP FUNDS (List amounts) | F11: CATEGORY TOTALS (CCFP + Non-CCFP Funds)
A12: Food Purchases* | C12: 0 | E12: 0 | F12: =SUM(C12:E12) -> 0
A13: Food Service Labor and Benefits | C13: 0 | E13: 0 | F13: =SUM(C13:E13) -> 0
A14: Non-Contracted Purchased Services | C14: 0 | E14: 0 | F14: =SUM(C14:E14) -> 0
A15: Non-Food Supplies | C15: 0 | E15: 0 | F15: =SUM(C15:E15) -> 0
A16: Food Service Equipment | C16: 0 | E16: 0 | F16: =SUM(C16:E16) -> 0
A17: Transportation | C17: 0 | E17: 0 | F17: =SUM(C17:E17) -> 0
A18: Other (Includes Special Cost Items) Describe: | C18: 0 | E18: 0 | F18: =SUM(C18:E18) -> 0
A19: FOOD SERVICE (OPERATIONAL) COST TOTALS | C19: =SUM(C12:D18) -> 0 | E19: =SUM(E12:E18) -> 0 | F19: =SUM(F12:G18) -> 0
A21: ADMINISTRATIVE COSTS | C21: CCFP FUNDS (List amounts) | E21: NON-CCFP FUNDS (List amounts) | F21: CATEGORY TOTALS (CCFP + Non-CCFP Funds)
A22: Administrative Salaries and Benefits** | C22: ='Management Plan'!T42 -> 0 | E22: ='Management Plan'!V42 -> 0 | F22: =SUM(C22:E22) -> 0
A23: Non-Contracted Purchased Services | C23: 0 | E23: 0 | F23: =SUM(C23:E23) -> 0
A24: Training | C24: 0 | E24: 0 | F24: =SUM(C24:E24) -> 0
A25: Travel | C25: 0 | E25: 0 | F25: =SUM(C25:E25) -> 0
A26: Rent and Utilities | C26: 0 | E26: 0 | F26: =SUM(C26:E26) -> 0
A27: Office Supplies | C27: 0 | E27: 0 | F27: =SUM(C27:E27) -> 0
A28: Other (Includes Special Cost Items) Describe: | C28: 0 | E28: 0 | F28: =SUM(C28:E28) -> 0 | J28: Total Budget Amount from PEW
A29: ADMINISTRATIVE COST TOTALS Administrative costs cannot exceed 15% of total projected earnings | C29: =SUM(C22:D28) -> 0 | E29: =SUM(E22:E28) -> 0 | F29: =SUM(F22:G28) -> 0 | J29: =PEW!F92 -> #DIV/0!
C30: CCFP FUNDS*** | E30: NON-CCFP FUNDS | F30: GRAND TOTAL**** | J30: Remainder to Budget for CCFP Funds
A31: BUDGET TOTALS | C31: =SUM(C29,C19) -> 0 | E31: =SUM(E19,E29) -> 0 | F31: =SUM(F19,F29) -> 0 | J31: =J29-C31 -> #DIV/0!
A32: * It is recommended that food purchases equal or exceed 50% of the CCFP Funds Total.
A33: ** The CCFP Funds and Non-CCFP Funds for Administrative Salaries and Benefits auto-populate from the totals from table 2 of the Management Plan.
A34: *** The CCFP Funds Total must equal the amount of “Projected Earnings Rounded for use in the Budget” on the PEW, and will be highlighted in red if it does not.
A35: **** This amount must equal or exceed the amount of “Projected Earnings Rounded for use in the Budget” on the PEW, and will be highlighted in red if it does not.
A36: NOTE: Additional documentation may be requested to determine if projected costs are necessary, reasonable, and allowable.
A38: 2. If any amounts were listed under the Non-CCFP Funds column in the table above, list the specific source(s)
A39: of the Non-CCFP funds that will be spent on the food program.
A42: 3. In the space below, identify which of the following source(s) of funds your organization has available to pay for potential over claims of CCFP reimbursement or other allowable costs: Tuition/Fees, Savings/Checkings, Credit/Loan, Donations or Other. If Other, then describe.
A45: Note: Funds restricted for used in other programs/grants, including other USDA child nutrition programs, cannot be
A46: used to pay for CCFP over claims or unallowable costs.
A48: For DOH USE ONLY:
A50: Approval Signature (Regional Program Specialist) | F50: Date
A52: Approval Signature (DOH Headquarters) | F52: Date
A53: Instructions for Completing the Child Care Food Program (CCFP) Budget
A54: 1) Have your completed Projected Earnings Worksheet (PEW) in front of you before you complete this form.
A55: 2) Complete the identifying information at the top of the form.
A56: 3) Complete the table in # 1 as follows: a. Enter the amount of “Projected Earnings Rounded for use in the Budget” from your PEW in the Budget Totals/CCFP Funds box at the bottom of the Budget. b. As you complete the rest of the Budget, use whole dollars only, no cents. c. CCFP Funds column – Determine how you will spend your projected earnings on the food program and enter the estimated annual amounts in the appropriate budget categories. Be sure that the amounts listed add up to the CCFP Funds Total amount you entered. It is strongly recommended that at least 50% of your CCFP Funds Total be allocated to food purchases. Refer to the cost category definitions below for examples of allowable food service (operational) and administrative costs. d. Non-CCFP Funds column – If your projected earnings will not cover the full costs of operating the food program, list the additional amounts you will spend on the program in the appropriate budget categories. Add up the amounts, if any, listed in this column and enter the total in the Budget Totals/Non-CCFP Funds box at the bottom of the Budget. e. Category Totals column and Budget Totals row – For each row going across, add the CCFP Funds amount to the Other Funds amount and enter the total in space provided in the last column. Then go down the column and add up the row totals listed to ensure the amount equals the Budget Totals/Grand Total that you obtained when you added the last row.
A57: 4) In # 2, list the sources(s) of non-CCFP funds that you included in the budget table, or write N/A if your budget only includes CCFP funds
A58: 5) In # 3, check one or more sources of funds available to pay for potential over claims of CCFP reimbursement or other unallowable costs. If “other” is checked, identify the source(s) of funds in the space provided.
A60: Definitions of Cost Categories
A61: FOOD SERVICE (OPERATIONAL) COSTS:
A62: Food Purchases: Expenditures for the food used in meals served to enrolled children or program adults. (If catered, you should report your total invoices). It is recommended that the amount listed for this line item is at least 50% of the CCFP Funds Total.
A63: Food Service Labor and Benefits: All of the wages incurred in the preparation, serving and cleaning up of meals. This should include any fringe benefits afforded the employees.
A64: Non-Contracted Purchased Services: Costs of services that are required for program food service operations. This includes services such as laundry of towels and aprons, trash services, insect and rodent control services, janitorial services, and minor repair of food service equipment.
A65: Non-Food Supplies: Includes kitchen equipment costing $5,000 or less (per item), and paper goods such as paper towels, napkins, plates, cups, and utensils. Also includes cleaning supplies that are used directly for the food service operation, such as dishwashing detergent, hand soap, cleanser, and sanitizing sprays.
... A77: Other: Specify any miscellaneous administrative costs not included in one of the categories above. For contracted purchased services (e.g., computer programming, bookkeeping services, and other contracted labor, etc.) a contract must exist between the contractor and another party (related or non-related). You must complete the “Supplemental Budget for Special Cost Items” to receive prior approval for these types of cost items.
